 Dungeon Crawl Stone Soup version 0.26.1-11-gd32895ea62 (webtiles) character file.

Game seed: 4263129942819415624

304261 Towns the Impregnable (level 20, -2/300 HPs)
             Began as a Minotaur Berserker on June 27, 2021.
             Was a High Priest of Trog.
             Slain by an azure jelly (13 damage)
             ... created by the Royal Jelly
             ... on level 4 of the Pits of Slime.
             The game lasted 04:39:08 (53701 turns).

Towns the Impregnable (Minotaur Berserker)         Turns: 53701, Time: 04:39:09

Health: -2/300     AC: 18    Str: 32    XL:     20   Next: 25%
Magic:  19/19      EV: 13    Int:  4    God:    Trog [*****.]
Gold:   1771       SH: 22    Dex: 11    Spells: 19/19 levels left

rFire    + . .     SeeInvis .   T - +3 broad axe (freeze)
rCold    + . .     Faith    .   v - +2 kite shield
rNeg     + + .     Spirit   .   N - +0 crystal plate armour
rPois    +         Reflect  +   c - +1 hat "Soifuix" {rPois Will- Regen+ rCorr}
rElec    .         Harm     .   K - scarf {rC+ rF+}
rCorr    +         Rampage  .   k - +1 pair of gloves
Will     +++..     Rnd*Tele +   x - +0 pair of boots
Stlth    ..........             R - amulet "Muluvi" {Reflect +Inv rN++ Int-4 SH+5 Stlth+}
HPRegen  2.00/turn              Z - +6 ring of strength
MPRegen  0.16/turn              Q - ring of willpower

@: berserking (expiring), corroded, regenerating, hasted, very quick
A: retaliatory headbutt, horns 2, iridescent scales 1, thin metallic scales 1,
yellow scales 1, deformed body, deterioration 1, screaming 1, teleportitis 1
}: 2/15 runes: serpentine, barnacled
a: Renounce Religion, Evoke Invisibility, Berserk, Trog's Hand, Brothers in Arms


You were on level 4 of the Pits of Slime.
You worshipped Trog.
Trog was extremely pleased with you.
You visited 7 branches of the dungeon, and saw 38 of its levels.
You also visited: Bailey, Gauntlet, Ice Cave and Volcano.

You collected 3949 gold pieces.
You spent 2178 gold pieces at shops.

Inventory:

Hand Weapons
 O - a +2 broad axe of electrocution
 T - a +3 broad axe of freezing (weapon)
Armour
 c - the +1 hat "Soifuix" (worn) {rPois Will- Regen+ rCorr}
   (You bought it in a shop on level 10 of the Dungeon)

   It protects you from poison.
   It affects your willpower, your defense against some magical effects.
   It increases your rate of regeneration.
   It provides partial protection from all sources of acid and corrosion.
 k - a +1 pair of gloves (worn)
 v - a +2 kite shield (worn)
 x - a +0 pair of boots (worn)
 K - a scarf of resistance (worn)
 N - a +0 crystal plate armour (worn)
 U - the +1 cloak of Rumeits {+Fly}
   (You found it in a Gauntlet)

   It lets you fly.
Jewellery
 g - an uncursed ring of protection from fire
 r - an uncursed ring of fire
 y - a +6 ring of intelligence
 z - an uncursed ring of see invisible
 A - an uncursed ring of flight
 B - an uncursed ring of positive energy
 G - a +4 ring of evasion
 Q - a ring of willpower (right hand)
 R - the amulet "Muluvi" (around neck) {Reflect +Inv rN++ Int-4 SH+5 Stlth+}
   (You acquired it on level 8 of the Dungeon)

   [amulet of reflection]

   It shields you and reflects attacks.
   It affects your intelligence (-4).
   It greatly protects you from negative energy.
   It lets you turn invisible.
   It affects your SH (+5).
   It makes you more stealthy.
 Z - a +6 ring of strength (left hand)
Wands
 b - a wand of iceblast (20)
 d - a wand of paralysis (10)
 f - a wand of flame (24)
 p - a wand of disintegration (12)
 w - a wand of polymorph (17)
 F - a wand of acid (10)
Scrolls
 h - 17 scrolls of remove curse
 i - 7 scrolls of enchant armour
 l - 13 scrolls of fog
 o - 8 scrolls of fear
 s - 11 scrolls of identify
 C - 8 scrolls of blinking
 E - 2 scrolls of silence
 H - a scroll of enchant weapon
 I - a scroll of brand weapon {unknown}
 J - 2 scrolls of holy word
 L - a scroll of summoning {unknown}
 V - a scroll of vulnerability {unknown}
 W - 4 scrolls of magic mapping
 X - 15 scrolls of teleportation
Potions
 a - a potion of invisibility
 e - 15 potions of curing
 j - 8 potions of heal wounds
 m - 6 potions of might
 q - 2 potions of resistance
 t - 3 potions of ambrosia
 u - 5 potions of haste
 M - 5 potions of flight
 Y - 3 potions of cancellation
Miscellaneous
 n - a box of beasts


   Skills:
 + Level 21.8 Fighting
 - Level 20.0 Axes
 + Level 24.5 Armour
 + Level 12.6 Dodging
 - Level 15.0 Shields
 - Level 9.0 Evocations


You had 19 spell levels left.
You didn't know any spells.
Your spell library was empty.

Dungeon Overview and Level Annotations

Branches:
Dungeon (15/15)            Temple (0/1) D:6            Lair (6/6) D:8
 Shoals (4/4) Lair:4        Snake (4/4) Lair:3        Slime (5/5) Lair:6
    Orc (2/2) D:11            Elf (0/3) Orc:2        Vaults (0/5) D:14
 Depths (2/5) D:15         Bailey (visited)           IceCv (visited)
Volcano (visited)         Gauntlet (visited)

Altars:
Dithmenos
Fedhas
Gozag
Kikubaaqudgha
Ru
Sif Muna
Trog
Uskayaw
Vehumet
Wu Jian
Xom
Yredelemnul
Zin

Shops:
D:4 :   D:8 ?   D:10 [   D:11 ?:***   D:15 (   Orc:2 (:=!   Depths:1 *

Portals:
Hell: Depths:1

Annotations:
D:9 2 transporters, Pepete's ghost, novice TrMo
Snake:3 1 runed translucent door, Nullax's ghost, journeyman DDFi


Innate Abilities, Weirdness & Mutations

You reflexively headbutt those who attack you in melee.
You have a pair of horns on your head.
You are partially covered in iridescent scales. (AC +2)
You are partially covered in thin metallic scales. (AC +2)
You are partially covered in yellow scales. (AC +2)
Armour fits poorly on your strangely shaped body.
Your body sometimes deteriorates upon taking damage.
You occasionally shout uncontrollably at your foes.
You are occasionally teleported next to monsters.


Message History

The azure jelly freezes you! You resist.
* * * LOW HITPOINT WARNING * * *
The azure jelly hits you but does no damage.
You block the azure jelly's attack. You block the death ooze's attack. x2
You are too berserk!
Okay, then.
You hit the azure jelly. You freeze the azure jelly.
You headbutt the azure jelly.
The azure jelly is almost dead.
You slash the acid blob! You freeze the acid blob.
Your hands burn!
* * * LOW HITPOINT WARNING * * *
You slash the azure jelly! You freeze the azure jelly. You hit the acid blob.
You freeze the acid blob.
Your hands burn!
* * * LOW HITPOINT WARNING * * *
You slash the azure jelly! You slash the death ooze! You freeze the death ooze.
You destroy the death ooze!
That felt strangely unrewarding.
The azure jelly hits you.
* * * LOW HITPOINT WARNING * * *
The azure jelly freezes you! You resist.
You die...

................#.##
...................##
.........#..^.......#
.###....###..#.....##
...#.#####..........#
......#.##..........#
...#.#.............##
....###........JJJ..#
.....#..........@J..#
....##........#J....#
...#...............##
.... ...............#
...# #.###..........#
.### # ##.#.#......##
## ##......^.#...# #
#...#......#.##
##.#........##


You could see 2 acid blobs and 3 azure jellies.

Vanquished Creatures
  the Royal Jelly (Slime:5)
  Dissolution (Slime:2)
  A lich (Depths:1)
  26 acid blobs
  A sphinx (Depths:1)
  Frances (Snake:2)
  A kraken (Shoals:3)
  16 azure jellies
  10 nagarajas
  A fire giant (Depths:1)
  2 frost giants
  6 stone giants (Depths:1)
  A vampire knight (Depths:1)
  7 very ugly things
  The ghost of dtburroughs the Cleaver, a journeyman MiBe of Trog (Lair:5)
  Nessos (D:12)
  A minotaur (Gauntlet)
  14 death oozes
  2 ettins (Depths:1)
  2 fire dragons (Depths:1)
  7 merfolk javelineers
  A shambling mangrove (Lair:6)
  8 merfolk impalers
  8 great orbs of eyes
  A quicksilver dragon skeleton (D:15)
  11 naga warriors
  2 ice dragons
  3 vault guards (D:14)
  10 hydras
  3 catoblepae
  A rakshasa (Depths:2)
  3 alligator snapping turtles
  7 anacondas
  2 merfolk avatars
  2 satyrs (Shoals:2)
  7 two-headed ogres
  4 centaur warriors
  2 tengu warriors (Depths:1)
  2 merfolk aquamancers
  2 deep troll earth magi (Depths:1)
  2 ogre magi
  11 naga sharpshooters
  2 vampire magi
  2 deep troll shamans (Depths:1)
  5 death yaks (Lair:5)
  2 shock serpents
  Nergalle (D:12)
  A fire crab (Lair:5)
  2 salamander mystics (Snake:4)
  A wretched star (Gauntlet)
  4 unseen horrors
  A flayed ghost (Depths:1)
  A glowing orange brain (Depths:1)
  2 skeletal warriors (D:15)
  16 sea snakes
  A spriggan druid (Depths:1)
  A deep troll (Orc:2)
  5 naga ritualists
  Pikel (D:5)
  2 harpies (Shoals:4)
  An orange crystal statue (Shoals:1)
  2 wizards
  A lindwurm (Lair:5)
  A necromancer (D:15)
  6 orc knights
  6 mana vipers
  2 orc sorcerers
  7 shining eyes
  23 ugly things
  A faun (Shoals:1)
  7 cyclopes
  An oklob plant (Lair:6)
  5 salamanders
  16 manticores
  11 elephants
  37 black mambas
  A stone giant zombie (D:15)
  A guardian serpent (Snake:3)
  5 water nymphs
  8 merfolk sirens
  An ice statue (IceCv)
  18 naga magi
  3 eyes of devastation
  27 cane toads
  3 gargoyles
  2 kobold demonologists
  A rime drake (Lair:2)
  A yaktaur zombie (D:15)
  A minotaur zombie (Gauntlet)
  17 yaktaurs
  An efreet (D:14)
  8 komodo dragons
  3 freezing wraiths
  A wandering mushroom (Lair:6)
  A tengu conjurer (D:13)
  30 merfolk
  3 meliai (D:14)
  9 trolls
  A meliai (shapeshifter) (D:13)
  3 tyrant leeches (Lair:6)
  17 polar bears
  12 wind drakes
  A queen bee (D:14)
  64 slime creatures
  4 hornets
  2 meliai zombies
  The ghost of adizb the Digger, an amateur FoEE (D:4)
  9 snapping turtles
  16 blink frogs
  3 shadows
  A deep troll skeleton (D:15)
  13 water elementals
  4 wraiths
  5 wyverns
  65 yaks
  5 golden eyes
  5 basilisks
  2 neqoxecs (Gauntlet)
  2 steam dragons (D:12)
  13 vampire mosquitoes
  2 wargs
  31 nagas
  16 water moccasins
  3 swamp worms (Gauntlet)
  A small abomination (Gauntlet)
  A black bear (D:9)
  11 ice beasts
  8 eyes of draining
  A hornet zombie (D:15)
  26 orc warriors
  10 sky beasts
  A necrophage (D:9)
  5 boggarts (Depths:1)
  33 centaurs
  21 ogres
  19 wolves
  Blork the orc (D:4)
  26 bullfrogs
  A big kobold (D:8)
  A cane toad simulacrum (Gauntlet)
  A water moccasin skeleton (D:11)
  5 scorpions
  20 killer bees
  9 wights
  5 bullfrog zombies
  2 electric eels (Lair:6)
  4 centaur zombies
  8 jellies
  3 quasits
  5 centaur skeletons
  2 bullfrog skeletons
  8 hounds
  23 orc wizards
  8 orc priests
  Jessica (D:2)
  Terence (D:2)
  2 iguanas
  Natasha (D:2)
  11 worker ants
  3 bullfrog simulacra (Gauntlet)
  3 worker ant zombies
  10 gnolls
  21 adders
  3 shadow imps
  7 white imps
  3 ufetubi
  2 oozes
  2 adder skeletons
  2 worms (D:3)
  2 dart slugs
  12 leopard geckos
  117 orcs
  6 ball pythons
  6 bats
  7 giant cockroaches
  9 goblins
  10 hobgoblins
  4 jackals (D:2)
  18 kobolds
  6 quokkas
  5 frilled lizards
  2 leopard gecko skeletons
  6 rats
  3 tentacles (Shoals:3)
1371 creatures vanquished.

Vanquished Creatures (collateral kills)
  An acid blob (Slime:1)
  A merfolk javelineer (Shoals:4)
  4 merfolk impalers (Shoals:4)
  A naga warrior (Snake:4)
  5 two-headed ogres (Orc:2)
  An ogre mage (Orc:2)
  A merfolk aquamancer (Shoals:4)
  A naga sharpshooter (Snake:4)
  A deep troll (Orc:2)
  3 sea snakes
  2 naga ritualists (Snake:4)
  An orc sorcerer (D:15)
  4 oklob plants (Lair:2)
  A cyclops (D:15)
  3 salamanders (Snake:4)
  6 naga magi (Snake:4)
  3 black mambas (Snake:4)
  A merfolk siren (Shoals:3)
  A gargoyle (D:14)
  A cane toad (Lair:2)
  3 trolls (Orc:2)
  3 merfolk (Shoals:4)
  A wind drake (Shoals:3)
  A snapping turtle (Shoals:4)
  An acid dragon (D:15)
  2 nagas (Snake:4)
  2 water moccasins (Snake:4)
  10 ogres (Orc:2)
  A bullfrog (Lair:2)
  An orc priest (D:15)
  An adder (Snake:4)
68 creatures vanquished.

Vanquished Creatures (others)
  2 naga magi
  A merfolk (Shoals:3)
  A bullfrog (D:14)
  An orc (Orc:1)
  2 kobolds (D:15)
  29 fungi
  148 plants
  20 tentacles (Shoals:3)
  9 withered plants (D:15)
213 creatures vanquished.

Grand Total: 1652 creatures vanquished

Notes
Turn   | Place    | Note
-------+----------+-------------------------------------------
     0 | D:1      | Towns the Minotaur Berserker began the quest for the Orb.
     0 | D:1      | Reached XP level 1. HP: 19/19 MP: 0/0
    31 | D:1      | Reached XP level 2. HP: 27/27 MP: 1/1
   487 | D:1      | Reached XP level 3. HP: 30/33 MP: 2/2
  1021 | D:2      | Noticed Natasha
  1028 | D:2      | Killed Natasha
  1029 | D:2      | Reached skill level 5 in Axes
  1031 | D:2      | Reached XP level 4. HP: 41/41 MP: 3/3
  1032 | D:2      | Reached ** piety under Trog
  1077 | D:2      | Found a glowing silver altar of Zin.
  1217 | D:2      | Reached skill level 3 in Armour
  1308 | D:2      | Noticed Jessica
  1315 | D:2      | Killed Jessica
  1397 | D:2      | Noticed Terence
  1408 | D:2      | Killed Terence
  1409 | D:2      | Reached XP level 5. HP: 46/47 MP: 4/4
  1543 | D:2      | Reached skill level 5 in Fighting
  1657 | D:2      | Found a bloodstained altar of Trog.
  2398 | D:3      | Reached skill level 4 in Armour
  2408 | D:3      | Reached *** piety under Trog
  2678 | D:4      | Noticed an ogre
  2684 | D:4      | Killed an ogre
  2685 | D:4      | Reached XP level 6. HP: 57/57 MP: 5/5
  3016 | D:4      | Noticed Blork the orc
  3026 | D:4      | Killed Blork the orc
  3027 | D:4      | Reached skill level 5 in Armour
  3095 | D:4      | Reached XP level 7. HP: 63/63 MP: 6/6
  3230 | D:4      | Found Ataasuogh's Book Shoppe.
  3291 | D:4      | Found a transporter.
  3291 | D:4      | Found a transporter.
  3840 | D:4      | Noticed adizb's ghost (amateur FoEE)
  4047 | D:4      | Killed adizb's ghost
  4048 | D:4      | Reached skill level 6 in Armour
  4341 | D:5      | Entered Level 5 of the Dungeon
  4350 | D:5      | Found a shadowy altar of Dithmenos.
  4410 | D:5      | Noticed Pikel
  4486 | D:5      | Killed Pikel
  4487 | D:5      | Reached skill level 7 in Armour
  4487 | D:5      | Reached XP level 8. HP: 74/74 MP: 7/7
  4829 | D:5      | Found an opulent altar of Gozag.
  5831 | D:6      | Found a radiant altar of Vehumet.
  5847 | D:6      | Reached skill level 1 in Shields
  5898 | D:6      | Found a staircase to the Ecumenical Temple.
  5908 | D:6      | Reached skill level 8 in Armour
  6149 | D:6      | Found a blossoming altar of Fedhas.
  6761 | D:7      | Reached XP level 9. HP: 36/82 MP: 8/8
  7275 | D:7      | Reached **** piety under Trog
  7963 | D:7      | Found an ancient bone altar of Kikubaaqudgha.
  8611 | D:8      | Found a staircase to the Lair.
  8624 | D:8      | Found Lyiriydu's Magic Scroll Shoppe.
  8655 | D:8      | Reached skill level 9 in Armour
  8738 | D:8      | Found a shimmering blue altar of Sif Muna.
  8748 | D:8      | Reached skill level 10 in Axes
  8881 | D:9      | Found a flagged portal.
  8937 | Bailey   | Entered a bailey
  8970 | Bailey   | Reached skill level 10 in Fighting
  9126 | Bailey   | Reached ***** piety under Trog
  9389 | Bailey   | Reached XP level 10. HP: 42/93 MP: 9/9
  9904 | Bailey   | Reached skill level 10 in Armour
 10671 | D:9      | Found a transporter.
 10684 | D:9      | Noticed a cyclops
 10710 | D:9      | Noticed a two-headed ogre
 10724 | D:9      | Killed a two-headed ogre
 10802 | D:9      | Noticed Pepete's ghost (novice TrMo)
 10873 | D:9      | Reached skill level 11 in Armour
 11071 | D:9      | Found a transporter.
 11454 | D:9      | Noticed a brown ugly thing
 11601 | D:10     | Entered Level 10 of the Dungeon
 11648 | D:10     | Noticed a two-headed ogre
 11653 | D:10     | Killed a two-headed ogre
 11654 | D:10     | Reached skill level 12 in Armour
 11824 | D:10     | Reached XP level 11. HP: 103/104 MP: 10/10
 12131 | D:10     | Received a gift from Trog
 12231 | D:10     | Noticed a two-headed ogre
 12239 | D:10     | Killed a two-headed ogre
 12240 | D:10     | Reached skill level 13 in Armour
 12351 | D:8      | Bought a scroll of acquirement for 572 gold pieces
 12357 | D:8      | Acquired the amulet "Muluvi" {Reflect +Inv rN++ Int-4 SH+5
                  | Stlth+}
 12392 | Lair:1   | Entered Level 1 of the Lair of Beasts
 13259 | Lair:1   | Reached skill level 14 in Armour
 13360 | Lair:1   | Noticed a seven-headed hydra
 13437 | Lair:1   | Killed a ten-headed hydra
 13804 | Lair:2   | Found a frozen archway.
 13824 | Lair:2   | Reached skill level 15 in Armour
 13832 | Lair:2   | Reached XP level 12. HP: 96/115 MP: 11/11
 13890 | IceCv    | Entered an ice cave
 14597 | IceCv    | Reached skill level 16 in Armour
 14600 | IceCv    | Reached ****** piety under Trog
 14611 | IceCv    | Received a gift from Trog
 14823 | IceCv    | Noticed a frost giant
 14851 | IceCv    | Killed a frost giant
 15359 | Lair:2   | Noticed a four-headed hydra
 15369 | Lair:2   | Killed a nine-headed hydra
 15370 | Lair:2   | Reached skill level 17 in Armour
 15670 | Lair:2   | Noticed a five-headed hydra
 15678 | Lair:2   | Killed a seven-headed hydra
 15679 | Lair:2   | Reached XP level 13. HP: 125/125 MP: 12/12
 15825 | Lair:2   | Reached skill level 15 in Axes
 16302 | Lair:3   | Found a dark tunnel.
 16378 | Volcano  | Entered a volcano
 16415 | Volcano  | Reached skill level 15 in Fighting
 16415 | Volcano  | Reached skill level 1 in Evocations
 17036 | Lair:3   | Found a staircase to the Snake Pit.
 17044 | Lair:3   | Reached skill level 18 in Armour
 17217 | Lair:3   | Received a gift from Trog
 18184 | Lair:4   | Found a staircase to the Shoals.
 19359 | Lair:5   | Reached skill level 19 in Armour
 19594 | Lair:5   | Reached XP level 14. HP: 132/136 MP: 13/13
 19812 | Lair:5   | Found a runed translucent door.
 19814 | Lair:5   | Noticed dtburroughs's ghost (journeyman MiBe)
 20243 | Lair:5   | Killed dtburroughs's ghost
 20244 | Lair:5   | Reached skill level 5 in Evocations
 20254 | Lair:5   | Identified Sif Muna's Handbook of Venomous Cold
 20278 | Lair:6   | Entered Level 6 of the Lair of Beasts
 21331 | Lair:6   | Received a gift from Trog
 21365 | Lair:6   | Reached skill level 20 in Armour
 22578 | Lair:6   | Found a staircase to the Slime Pits.
 23119 | D:8      | Bought a scroll of teleportation for 33 gold pieces
 23119 | D:8      | Bought a scroll of teleportation for 33 gold pieces
 23119 | D:8      | Bought a scroll of teleportation for 33 gold pieces
 23119 | D:8      | Bought a scroll of identify for 22 gold pieces
 23119 | D:8      | Bought a scroll of identify for 22 gold pieces
 23119 | D:8      | Bought a scroll of identify for 22 gold pieces
 23288 | D:11     | Found Jatep's Assorted Antiques.
 23379 | D:11     | Found Erghum's Assorted Antiques.
 23445 | D:11     | Found Hushesh's Magic Scroll Shoppe.
 23501 | D:11     | Bought a scroll of blinking for 82 gold pieces
 23544 | D:11     | Found a staircase to the Orcish Mines.
 23569 | D:11     | You fall into a shaft and drop 1 floor!
 23897 | D:12     | Noticed Nergalle
 23912 | D:12     | Killed Nergalle
 24132 | D:12     | Reached skill level 5 in Dodging
 24311 | D:12     | Noticed Nessos
 24320 | D:12     | Killed Nessos
 24891 | D:13     | Reached XP level 15. HP: 146/146 MP: 14/14
 25495 | D:13     | Found a shimmering blue altar of Sif Muna.
 25805 | Orc:1    | Entered Level 1 of the Orcish Mines
 25811 | Orc:1    | Paralysed by an orc sorcerer for 7 turns
 26179 | Orc:2    | Entered Level 2 of the Orcish Mines
 26532 | Orc:2    | Found Veri's Antique Weapon Emporium.
 26536 | Orc:2    | Found Gaqiople's Book Shoppe.
 26549 | Orc:2    | Reached skill level 21 in Armour
 26571 | Orc:2    | Received a gift from Trog
 26999 | Orc:2    | Found Ebluog's Jewellery Shop.
 27012 | Orc:2    | Found Ifetug's Distillery.
 27025 | Orc:2    | Gained mutation: You are partially covered in thin metallic
                  | scales. (AC +2) [potion of mutation]
 27025 | Orc:2    | Gained mutation: You are frail. (-10% HP) [potion of
                  | mutation]
 27025 | Orc:2    | Gained mutation: Your mind is acute. (Int +2) [potion of
                  | mutation]
 27153 | Orc:2    | Found a staircase to the Elven Halls.
 27537 | Shoals:1 | Entered Level 1 of the Shoals
 28986 | Shoals:2 | Received a gift from Trog
 30063 | Shoals:2 | Found a runed translucent door.
 30381 | Shoals:3 | Reached skill level 22 in Armour
 30469 | Shoals:3 | Reached XP level 16. HP: 77/141 MP: 15/15
 31244 | Shoals:3 | Noticed a kraken
 32002 | Shoals:3 | Killed a kraken
 32062 | Shoals:4 | Entered Level 4 of the Shoals
 32413 | Shoals:4 | Received a gift from Trog
 33567 | Shoals:4 | Identified Jajionovu's Grimoire of Conjuration
 34300 | Shoals:4 | Reached skill level 10 in Dodging
 34312 | Shoals:4 | Received a gift from Trog
 34526 | Shoals:4 | Got a barnacled rune of Zot
 35252 | D:10     | Found Huulu's Antique Armour Shoppe.
 35257 | D:10     | Bought a steaming hat for 288 gold pieces
 35262 | D:10     | Identified the +1 hat "Soifuix" {rPois Will- Regen+ rCorr}
                  | (You bought it in a shop on level 10 of the Dungeon)
 35372 | D:10     | Bought a bloodstained plate armour for 896 gold pieces
 35382 | D:10     | Identified the +7 plate armour of the Cicada {Harm rElec
                  | Dex-5} (You bought it in a shop on level 10 of the Dungeon)
 35720 | D:11     | Found Roc Yvvi's Assorted Antiques.
 35723 | D:11     | Bought a glittering glass ring for 175 gold pieces
 35724 | D:11     | Identified the ring of Fedhas's Anger {MP+9 AC+4 Stlth+}
                  | (You bought it in a shop on level 11 of the Dungeon)
 35826 | D:11     | Found Wopryari's Book Shop.
 36437 | D:14     | Reached skill level 23 in Armour
 36440 | D:14     | Received a gift from Trog
 36849 | D:14     | Found a gate to the Vaults.
 36857 | D:14     | Reached XP level 17. HP: 149/149 MP: 16/16
 37224 | D:15     | Entered Level 15 of the Dungeon
 37246 | D:15     | Found Zure's Weapon Emporium.
 37260 | D:15     | Found a gate leading to a gauntlet.
 37270 | Gauntlet | Entered a Gauntlet
 37270 | Gauntlet | Found a transporter.
 37273 | Gauntlet | Found a transporter.
 37275 | Gauntlet | Found a transporter.
 37290 | Gauntlet | Found a transporter.
 37291 | Gauntlet | Found a transporter.
 37301 | Gauntlet | Found a transporter.
 37317 | Gauntlet | Found a transporter.
 37324 | Gauntlet | Found a transporter.
 37333 | Gauntlet | Found a transporter.
 37333 | Gauntlet | Found a transporter.
 37342 | Gauntlet | Found a transporter.
 37345 | Gauntlet | Found a transporter.
 37375 | Gauntlet | Found a transporter.
 37379 | Gauntlet | Found a runed translucent door.
 37393 | Gauntlet | Found a transporter.
 37446 | Gauntlet | Got a scintillating iron ring
 37448 | Gauntlet | Identified the ring "Hiek" {rF++ MP+9 Slay-4} (You found it
                  | in a Gauntlet)
 37508 | Gauntlet | Got a brightly glowing cloak
 37519 | Gauntlet | Identified the +1 cloak of Rumeits {+Fly} (You found it in
                  | a Gauntlet)
 37555 | Gauntlet | Identified Sif Muna's Collected Works on Enchantment
 37706 | D:15     | Paralysed by an orc sorcerer for 5 turns
 37873 | D:15     | Found a staircase to the Depths.
 37891 | D:15     | Received a gift from Trog
 38430 | D:15     | Found a sacrificial altar of Ru.
 38902 | Snake:1  | Entered Level 1 of the Snake Pit
 42025 | Snake:2  | Noticed Frances
 42042 | Snake:2  | Killed Frances
 43317 | Snake:3  | Reached skill level 5 in Shields
 43452 | Snake:3  | Found a runed translucent door.
 43452 | Snake:3  | Noticed Nullax's ghost (journeyman DDFi)
 43907 | Snake:3  | Received a gift from Trog
 44442 | Snake:4  | Entered Level 4 of the Snake Pit
 44565 | Snake:4  | Reached XP level 18. HP: 150/160 MP: 17/17
 44572 | Snake:4  | Got a bloodstained cloak
 44594 | Snake:3  | Identified the +0 cloak "Hitoluh" {*Slow Will+ rCorr} (You
                  | found it on level 4 of the Snake Pit)
 45213 | Snake:4  | Reached skill level 24 in Armour
 45429 | Snake:4  | Got a serpentine rune of Zot
 45561 | Snake:4  | Reached skill level 10 in Shields
 46124 | Depths:1 | Entered Level 1 of the Depths
 46374 | Depths:1 | Noticed a lich
 46386 | Depths:1 | Killed a lich
 46451 | Depths:1 | Found a hide-covered altar of Uskayaw.
 46451 | Depths:1 | Found a shimmering altar of Xom.
 46460 | Depths:1 | Found a basalt altar of Yredelemnul.
 46460 | Depths:1 | Found an ornate altar of the Wu Jian Council.
 46569 | Depths:1 | Paralysed by a sphinx for 3 turns
 46832 | Depths:1 | Found Lidghaoru's Luxury Loot.
 46926 | Depths:1 | Found a gateway to Hell.
 46935 | Depths:1 | Received a gift from Trog
 46956 | Depths:1 | Reached XP level 19. HP: 162/168 MP: 18/18
 48536 | Slime:1  | Entered Level 1 of the Pits of Slime
 48988 | Slime:2  | Noticed Dissolution
 49007 | Slime:2  | Killed Dissolution
 49925 | Slime:3  | Gained mutation: You are occasionally teleported next to
                  | monsters. [a shining eye]
 49930 | Slime:3  | Gained mutation: You tend to lose your temper in combat. [a
                  | shining eye]
 49935 | Slime:3  | Lost mutation: Your mind is acute. (Int +2) [a shining eye]
 50331 | D:15     | Lost mutation: You are occasionally teleported next to
                  | monsters. [potion of mutation]
 50331 | D:15     | Lost mutation: You are frail. (-10% HP) [potion of
                  | mutation]
 50331 | D:15     | Gained mutation: You are partially covered in yellow
                  | scales. (AC +2) [potion of mutation]
 50331 | D:15     | Lost mutation: You tend to lose your temper in combat.
                  | [potion of mutation]
 50933 | Slime:3  | Received a gift from Trog
 51224 | Slime:4  | Gained mutation: You occasionally shout uncontrollably at
                  | your foes. [a shining eye]
 51539 | Slime:4  | Gained mutation: You can translocate small distances at
                  | will. [a shining eye]
 51590 | Slime:4  | Reached skill level 15 in Shields
 51908 | Slime:5  | Entered Level 5 of the Pits of Slime
 51990 | Slime:5  | Gained mutation: Your body sometimes deteriorates upon
                  | taking damage. [a shining eye]
 51993 | Slime:5  | Gained mutation: You are occasionally teleported next to
                  | monsters. [a shining eye]
 51996 | Slime:5  | Gained mutation: Your body often deteriorates upon taking
                  | damage. [a shining eye]
 52100 | Slime:4  | Paralysed by a great orb of eyes for 5 turns
 52119 | Slime:4  | Paralysed by a great orb of eyes for 6 turns
 52160 | Slime:5  | Gained mutation: Scrolls take you a little longer to read.
                  | [a shining eye]
 52164 | Slime:5  | Reached XP level 20. HP: 198/198 MP: 19/19
 52164 | Slime:5  | Gained mutation: You are weak. (Str -2) [a shining eye]
 52248 | Slime:5  | Noticed the Royal Jelly
 52413 | Slime:5  | Gained mutation: Armour fits poorly on your strangely
                  | shaped body. [a shining eye]
 52415 | Slime:5  | Gained mutation: Your mind is acute. (Int +2) [a shining
                  | eye]
 53216 | Shoals:2 | Lost mutation: You can translocate small distances at will.
                  | [potion of mutation]
 53216 | Shoals:2 | Lost mutation: You are weak. (Str -2) [potion of mutation]
 53216 | Shoals:2 | Lost mutation: Your mind is acute. (Int +2) [potion of
                  | mutation]
 53216 | Shoals:2 | Lost mutation: Your body often deteriorates upon taking
                  | damage. [potion of mutation]
 53216 | Shoals:2 | Lost mutation: Scrolls take you a little longer to read.
                  | [potion of mutation]
 53216 | Shoals:2 | Gained mutation: You are partially covered in iridescent
                  | scales. (AC +2) [potion of mutation]
 53697 | Slime:5  | Killed the Royal Jelly
 53701 | Slime:4  | HP: 15/300 [acid[the Royal Jelly] (2)]
 53701 | Slime:4  | Slain by an azure jelly

Illustrated notes

Levels and vault maps discovered:
D:1:      kennysheep_arrival_forest, layout_rooms
D:2:      layout_loops_ring, zin_treasury, nicolae_overflow_hidden_temple,
          minmay_hexomino_f4, uniq_natasha, uniq_jessica, uniq_terence
D:3:      layout_loops_ring, dk_noncrumbling_4
D:4:      layout_basic, serial_shops, kennysheep_mini_moat,
          gammafunk_ghost_gnarly_gnolls, uniq_blork_the_orc
D:5:      layout_layer_cave, basic_altar, grunt_ministairs_9,
          nicolae_dithmenos_through_a_glass_darkly, uniq_pikel
D:6:      layout_basic, fedhas_altar_4, fiery_altar_vehumet,
          minmay_temple_entry_hall, serial_corexii_hall,
          chequers_hall_statues_y, corexii_hall_statues_x,
          corexii_hall_statues_deadend, chequers_hall_statues_y
D:7:      layout_basic, kennysheep_mini
D:8:      layout_basic, old_standard_altar, lair_entry_dummy, serial_shops,
          shop_scrolls
D:9:      layout_grid_maze, nzn_ghost_randoct, enter_bailey_4
D:10:     minmay_goldmine, layout_basic, serial_shops, nicolae_shop_trees
D:11:     layout_irregular_city, orc_0_dummy, serial_shops, shop, shop,
          nicolae_shop_window_shopping, shop, nicolae_shop_waterfront
D:12:     layout_loops_ring, hangedman_misty_isle, uniq_nergalle, uniq_nessos
D:13:     layout_roguey, lemuel_blue_sif_altar
D:14:     layout_gridville, grunt_vaults_entry_fortified, serial_bayou_lagoon_a,
          special_room [special_room_bee]
D:15:     gammafunk_depths_entry_grave, layout_loops_ring, serial_shops,
          nicolae_shop_statue_plus, gauntlet_entry_generic, basic_altar,
          minivault_10
Lair:1:   minmay_lair_venomous_thicket, layout_gridlike, lemuel_fruit_fields
Lair:2:   layout_hall_layers, portal_ice_cave_entry_ice_beasts,
          grunt_megastairs_2, serial_bayou_shore_b, minmay_lair_oklob_chamber
Lair:3:   layout_cave_pods, minmay_snake_entry_six_corridors,
          lightli_volcano_entry_magma_tube, minivault_11, minivault_24
Lair:4:   layout_big_grid, minmay_shoals_entry_centaurs
Lair:5:   layout_roguey, ebering_ghost_inner_flame, serial_bayou_shore_a
Lair:6:   minmay_lair_end_frog_pond, layout_long_grid,
          minmay_slime_entry_oklob_enclosed, grunt_megastairs_1
Shoals:1: layout_shoals, dpeg_stationary_puzzle
Shoals:2: layout_shoals, lightli_airlock
Shoals:3: layout_shoals
Shoals:4: shoals_end_simple, layout_shoals
Snake:1:  layout_layer_cave, st_stairs_11, nicolae_snake_serpentine_hallways,
          grunt_megastairs_3
Snake:2:  layout_misc_corridors, uniq_frances
Snake:3:  layout_layer_cave, gammafunk_ghost_grave
Snake:4:  snake_pit, layout_grid_shapes, drop_trap, nicolae_snake_springs
Slime:1:  layout_caves
Slime:2:  layout_caves, nicolae_slime_barrier, dissolution_awaits
Slime:3:  layout_caves
Slime:4:  layout_caves
Slime:5
Orc:1:    layout_caves
Orc:2:    st_orc_open, layout_diamond_mine
Depths:1: minmay_the_grid_octo_tiled_squarecenter
          [minmay_the_grid_octo_thin_diamonds, minmay_the_grid_octo_odd_swirl,
          minmay_the_grid_octo_shrine, minmay_the_grid_octo_toaster,
          minmay_the_grid_square_5x5_megaprize_hollow,
          minmay_the_grid_square_5x5_tri_point,
          minmay_the_grid_square_5x5_tetrominoes,
          minmay_the_grid_square_5x5_two_small,
          minmay_the_grid_square_5x5_inset], layout_gridlike,
          minmay_misc_feat_alley, hangedman_coc_ice_floe, st_stairs_2,
          minmay_misc_feat_more_columns, serial_sigils_hangedman_quiver,
          minmay_crystal_water, kennysheep_pointless_box, skrybe_limestone_x,
          nicolae_alphabet_shops, grunt_ministairs_15, kilobyte_rumbling_trees,
          serial_bayou_shore_b
Depths:2: minmay_strange_plus, layout_cave_pools, pf_vacation_house_of_asmodeus,
          kennysheep_boxes

Skill      XL: |  1  2  3  4  5  6  7  8  9 10 11 12 13 14 15 16 17 18 19 |
---------------+----------------------------------------------------------+-----
Axes           | 4 5 6 8 9 10 12 13 14 16 17 18 19 20 | 20.0
Fighting       | 4 5 6 8 10 11 13 14 15 16 17 18 19 20 21 | 21.8
Armour         | 3 4 5 7 8 9 12 15 17 19 20 22 23 24 | 24.5
Shields        | 2 4 6 12 15 | 15.0
Dodging        | 3 5 8 10 11 12 | 12.6
Evocations     | 4 6 7 9 |  9.0

Action                   |  1- 3 |  4- 6 |  7- 9 | 10-12 | 13-15 | 16-18 | 19-21 || total
-------------------------+-------+-------+-------+-------+-------+-------+-------++-------
Melee: Hand axe          |    66 |   141 |   217 |       |       |       |       ||   424
       Headbutt          |     8 |    21 |    70 |   114 |   238 |   316 |   163 ||   930
       War axe           |       |       |   147 |   549 |       |       |       ||   696
       Broad axe         |       |       |       |    27 |  1156 |  1348 |   541 ||  3072
Throw: Stone             |       |     1 |       |     6 |     4 |       |       ||    11
Invok: Berserk           |     3 |     6 |     8 |    11 |    15 |    16 |     9 ||    68
       Trog's Hand       |       |       |     3 |     1 |       |     7 |     6 ||    17
       Brothers in Arms  |       |       |       |     2 |     4 |    10 |     4 ||    20
 Abil: Evoke Invisibilit |       |       |       |       |     1 |       |       ||     1
Evoke: Wand              |       |       |       |    14 |    20 |     3 |     5 ||    42
  Use: Scroll            |       |       |    10 |     9 |    21 |     2 |       ||    42
       Potion            |       |       |       |     1 |     2 |     4 |     3 ||    10
 Stab: Invisible         |       |       |       |       |     3 |       |       ||     3
       Held in net/web   |       |       |       |       |       |     1 |       ||     1
       Distracted        |       |       |       |       |       |     2 |     1 ||     3
Armor: Animal skin       |     8 |       |       |       |       |       |       ||     8
       Leather armour    |     1 |     7 |       |       |       |       |       ||     8
       Scale mail        |       |    38 |    17 |       |       |       |       ||    55
       Ring mail         |       |       |    80 |       |       |       |       ||    80
       Plate armour      |       |       |    88 |    50 |       |       |       ||   138
       Crystal plate arm |       |       |       |   377 |   634 |   711 |   348 ||  2070
Dodge: Dodged            |    45 |    59 |   174 |   135 |   390 |   545 |   148 ||  1496
Block: Buckler           |       |       |    37 |   209 |   483 |   328 |       ||  1057
       Reflection        |       |       |       |       |    59 |    94 |    15 ||   168
       Kite shield       |       |       |       |       |       |   414 |   424 ||   838
